 Dungeon Crawl Stone Soup version 0.31-a0-167-g1c394c0614 (webtiles) character file.

Game seed: 6314460778819524152

6129 greynaab the Thaumaturge (level 10, 0/63 HPs)
             Began as a Mummy Necromancer on June 14, 2023.
             Was a High Priest of Wu Jian.
             Slain by a two-headed ogre
             ... wielding a +0 giant spiked club
              (28 damage)
             ... on level 10 of the Dungeon.
             The game lasted 00:51:01 (11882 turns).

greynaab the Thaumaturge (Mummy Necromancer)       Turns: 11882, Time: 00:51:01

Health: 0/63       AC:  6    Str:  8    XL:     10   Next: 59%
Magic:  6/23       EV: 12    Int: 24    God:    Wu Jian [*****.]
Gold:   194        SH:  0    Dex: 26    Spells: 4/27 levels left

rFire   . . .        a - +11 mace "Sarcophage" {freeze, rCorr Dex+3}
rCold   + . .        G - orb {light}
rNeg    + + +        i - +0 robe
rPois   ∞            p - +0 helmet
rElec   .            (no cloak)
rCorr   +            F - +1 pair of gloves of Raypha {+Blink Str+2 Dex+4}
SInv    .            A - +0 pair of boots "Nylazyuneb" {+Inv rPois Str-5 Int+5}
Will    +....        h - amulet of the acrobat
Stlth   +            C - ring of protection from fire
HPRegen 0.30/turn    y - +6 ring of dexterity
MPRegen 0.18/turn

%: acrobat, faith
@: animating dead, glowing
A: cold resistance 1, negative energy resistance 3, torment resistance 2, heat
vulnerability 1, in touch with death 1, no potions, faith
a: Renounce Religion, Evoke Blink, Evoke Invisibility, Wall Jump, Serpent's
Lash, Heavenly Storm


You were on level 10 of the Dungeon.
You worshipped Wu Jian.
Wu Jian was extremely pleased with you.
You visited 1 branch of the dungeon, and saw 10 of its levels.
You also visited: Bailey.

You collected 545 gold pieces.
You spent 351 gold pieces at shops.

Inventory:

Hand Weapons
 a - the +11 mace "Sarcophage" (weapon) {freeze, rCorr Dex+3}
   (You found it on level 10 of the Dungeon)

   Dex:       It affects your dexterity (+3).
   rCorr:     It protects you from acid and corrosion.
 w - a +2 dagger of electrocution
 L - a +2 dagger of venom
Missiles
 d - 23 poisoned darts
 e - 5 curare-tipped darts
 g - 4 javelins
 n - a throwing net
 q - 9 boomerangs
Armour
 i - a +0 robe (worn)
 o - a +0 troll leather armour
 p - a +0 helmet (worn)
 t - a +2 pair of boots
 A - the +0 pair of boots "Nylazyuneb" (worn) {+Inv rPois Str-5 Int+5}
   (You acquired it on level 7 of the Dungeon)

   Str:       It affects your strength (-5).
   Int:       It affects your intelligence (+5).
   rPois:     It protects you from poison.
   +Inv:      It lets you turn invisible.
 F - the +1 pair of gloves of Raypha (worn) {+Blink Str+2 Dex+4}
   (You bought it in a shop on level 9 of the Dungeon)

   Str:       It affects your strength (+2).
   Dex:       It affects your dexterity (+4).
   +Blink:    It lets you blink.
 G - an orb of light (worn)
Magical Staves
 b - a staff of death
 j - a staff of poison
Jewellery
 c - a ring of ice
 h - an amulet of the acrobat (around neck)
 l - a +6 ring of strength
 m - a ring of ice
 u - an amulet of reflection
 y - a +6 ring of dexterity (right hand)
 C - a ring of protection from fire (left hand)
Wands
 v - a wand of flame (7)
 I - a wand of mindburst (6)
 J - a wand of digging (7)
Scrolls
 f - 2 scrolls of enchant weapon
 k - 2 scrolls of vulnerability
 s - 3 scrolls of identify
 x - a scroll of amnesia
 z - a scroll of immolation
 B - a scroll of fog
 D - a scroll of revelation
 E - a scroll of teleportation
 H - a scroll of summoning
 K - a scroll of fear


   Skills:
 - Level 1.5 Dodging
 - Level 1.5 Stealth
 - Level 9.0 Spellcasting
 * Level 7.5 Conjurations
 - Level 4.7 Hexes
 * Level 5.9 Summonings
 - Level 7.8 Necromancy


You had 4 spell levels left.
You knew the following spells:

 Your Spells              Type           Power      Damage    Failure   Level
a - Necrotise             Necr           100%       1d9       1%          1
b - Vampiric Draining     Necr           64%        2d10      1%          3
c - Animate Dead          Necr           64%        N/A       2%          4
d - Searing Ray           Conj           94%        2d7       1%          2
e - Summon Guardian Gole  Hex/Summ       36%        N/A       1%          3
f - Call Canine Familiar  Summ           39%        N/A       1%          3
g - Mephitic Cloud        Conj/Pois/Air  22%        N/A       6%          3
h - Fulminant Prism       Conj/Hex       20%        3d12      4%          4

Your spell library contained the following spells:

 Spells                   Type           Power      Damage    Failure   Level
 Foxfire                  Conj/Fire      100%       2x1d9     1%          1
 Magic Dart               Conj           100%       1d8       1%          1
 Summon Small Mammal      Summ           100%       N/A       1%          1
 Call Imp                 Summ           78%        N/A       1%          2
 Ensorcelled Hibernation  Hex/Ice        44%        N/A       3%          2
 Anguish                  Hex/Necr       28%        N/A       4%          4
 Inner Flame              Hex/Fire       22%        N/A       7%          3
 Flame Wave               Conj/Fire      29%        2d9       12%         4
 Sticky Flame             Conj/Fire      29%        2d5       12%         4
 Ozocubu's Armour         Ice            10%        N/A       17%         3
 Agony                    Necr           64%        N/A       6%          5
 Fireball                 Conj/Fire      14%        3d8       34%         5
 Starburst                Conj/Fire      14%        6d6       88%         6
 Orb of Destruction       Conj           23%        9d8       91%         7
 Spellforged Servitor     Conj/Summ      21%        N/A       97%         7
 Plasma Beam              Fire/Air       5%         2x1d15    100%        6
 Ozocubu's Refrigeration  Ice            5%         4d8       100%        7
 Maxwell's Capacitive Co  Air            5%         ∞         100%        8
 Spider Form              Tmut/Pois      Unusable   N/A       N/A         3
 Storm Form               Tmut/Air       Unusable   N/A       N/A         7

Dungeon Overview and Level Annotations

Branches:
Dungeon (10/15) Zot: 26214  Temple (0/1) D:7            Lair (0/5) D:8
    Orc (0/2) D:10         Bailey (visited)

Altars:
Ashenzari
Dithmenos
Gozag
Hepliaklqana
Kikubaaqudgha
Makhleb
Okawaru
Ru
Sif Muna
Trog
Vehumet
Wu Jian
Xom

Shops:
D:3 ?   D:9 [

Annotations:
D:3 3 runed translucent doors, oldplebian's ghost, amateur DgIE
D:4 Duvessa; Ijyb


Innate Abilities, Weirdness & Mutations

You are immune to poison.
Your flesh is cold resistant. (rC+)
You are immune to negative energy. (rN+++)
You are immune to unholy pain and torment.
You are vulnerable to heat. (rF-)
You are in touch with the powers of death.
You do not drink.
You have a special connection with the divine. (Faith)


Message History

Your hound bites the two-headed ogre but does no damage.
The two-headed ogre seems less confused.
Your hound barely misses the two-headed ogre.
Casting: Summon Guardian Golem (safe; 1% risk of failure)
Confirm with . or Enter, or press ? or * to list all spells.
Aiming: Mephitic Cloud (dangerous; 6% risk of failure)
Press: ? - help, Shift-Dir - straight line, p - two-headed ogre The ball explodes into a vile cloud!
The stinking cloud engulfs the two-headed ogre but does no damage.
The two-headed ogre is lightly wounded.
The stinking cloud engulfs your guardian golem but does no damage.
Your hound bites the two-headed ogre.
The two-headed ogre is engulfed in noxious fumes.
The two-headed ogre is engulfed in noxious fumes.
The two-headed ogre is engulfed in noxious fumes.
Your hound is engulfed in noxious fumes.
Your hound appears confused.
Casting: Mephitic Cloud (dangerous; 6% risk of failure)
Confirm with . or Enter, or press ? or * to list all spells.
Okay, then.
Casting: Mephitic Cloud (dangerous; 6% risk of failure)
Confirm with . or Enter, or press ? or * to list all spells.
Okay, then.
Casting: Mephitic Cloud (dangerous; 6% risk of failure)
Confirm with . or Enter, or press ? or * to list all spells.
You feel a surge of power!
You call upon the dead to rise.
Your hound bites your guardian golem but does no damage.
You hit the two-headed ogre. You freeze the two-headed ogre.
The two-headed ogre is lightly wounded.
The two-headed ogre hits you with a +0 giant spiked club!
The two-headed ogre barely misses you.
You sock the two-headed ogre! You freeze the two-headed ogre.
The two-headed ogre is moderately wounded.
Your hound completely misses your guardian golem.
Your hound bites itself.
The two-headed ogre hits you with a +0 giant spiked club!!
The two-headed ogre hits you with a +0 dire flail.
The two-headed ogre attacks as you move away!
The two-headed ogre hits you with a +0 giant spiked club!!
You die...

#...............# ###.#
#...............# #..#.#
#...............# #....###
#...............# ##......##
##............### #........♣
#...........## #.......♣
#[.........#######.......♣
#......>.................♣≈..
########....@O9h.........♣≈O≈
## ##..##########......♣≈.≈
..#
###........#####......♣≈.≈
#..##
##...###...........##.#♣≈..
....###..###
########...###.#♣.≈≈
#...#..### ##..# #..♣...
.....### #..# ##..♣ #...##
##.# #### ....## #.#


You could see a two-headed ogre (ally target), a friendly guardian golem
(summoned) and a friendly hound (summoned, sheltered, confused).

Vanquished Creatures
  A shadow (D:10)
  4 yaks (D:8)
  A wyvern (D:9)
  Grum (D:9)
  A steam dragon (D:8)
  A water moccasin (D:8)
  An acid dragon (D:9)
  An orc warrior (D:8)
  2 black bears
  A sky beast (D:6)
  4 wolves (D:9)
  3 centaurs
  An ogre (D:5)
  A phantom (D:4)
  2 kobold brigands
  3 bullfrogs
  5 scorpions
  A wight (D:7)
  A yak zombie (D:8)
  3 killer bees (D:8)
  4 howler monkeys
  A centaur zombie (D:10)
  7 orc priests
  7 hounds
  3 orc wizards
  2 iguanas
  Natasha (thrice) (D:4)
  7 adders
  2 shadow imps
  An ufetubus (D:5)
  A worm (D:2)
  2 dart slugs
  37 orcs
  6 endoplasms
  2 giant cockroaches
  7 goblins
  9 hobgoblins
  A jackal (D:1)
  7 quokkas
  9 ball pythons
  3 bats
  14 kobolds
  An orc zombie (D:9)
  8 rats
  A fulminant prism (D:9)
183 creatures vanquished.

Vanquished Creatures (collateral kills)
  A troll (D:10)
  A hornet (D:9)
  4 yaks (D:8)
  A black bear (D:5)
  A bullfrog (D:8)
  A wight (D:7)
  A killer bee (D:8)
  An iguana (D:5)
  2 adders (D:5)
  A dart slug (D:1)
  5 orcs
  2 kobolds
21 creatures vanquished.

Vanquished Creatures (others)
  Pikel (D:7)
  A centaur (D:8)
  A wight (D:7)
  5 yak zombies (D:8)
  A wolf zombie (D:9)
  5 kobold zombies (D:7)
  A scorpion zombie (D:7)
  2 howler monkey zombies (D:7)
  A steam dragon zombie (D:8)
  A felid zombie (D:4)
  An iguana zombie (D:5)
  17 orc zombies
  16 fulminant prisms
53 creatures vanquished.

Grand Total: 257 creatures vanquished

Notes
Turn   | Place    | Note
-------+----------+-------------------------------------------
     0 | D:1      | greynaab the Mummy Necromancer began the quest for the Orb.
     0 | D:1      | Reached XP level 1. HP: 13/13 MP: 4/4
   421 | D:1      | Reached skill level 3 in Spellcasting
   463 | D:1      | Found a faded altar of an unknown god.
   472 | D:1      | Prayed at the altar of an unknown god.
   472 | D:1      | Became a worshipper of the Wu Jian Council
   472 | D:1      | Reached * piety under Wu Jian
   484 | D:1      | Reached XP level 2. HP: 13/19 MP: 0/6
  1228 | D:2      | Gained mutation: You are in touch with the powers of death.
                  | [Mummy growth]
  1228 | D:2      | Reached XP level 3. HP: 16/24 MP: 0/7
  1304 | D:2      | Learned a level 3 spell: Vampiric Draining
  1351 | D:2      | Reached skill level 5 in Necromancy
  1357 | D:2      | Reached ** piety under Wu Jian
  1466 | D:2      | Reached XP level 4. HP: 24/30 MP: 5/9
  2295 | D:3      | Noticed an ogre
  2349 | D:3      | Reached skill level 4 in Spellcasting
  2501 | D:3      | Found a runed translucent gate.
  2501 | D:3      | Found a runed translucent gate.
  2501 | D:3      | Found a runed translucent gate.
  2669 | D:3      | Learned a level 4 spell: Animate Dead
  2772 | D:3      | Found Odafamirch's Magic Scroll Boutique.
  2779 | D:3      | Bought a scroll of identify for 26 gold pieces
  2779 | D:3      | Bought a scroll of identify for 26 gold pieces
  2779 | D:3      | Bought a scroll of identify for 26 gold pieces
  2779 | D:3      | Bought a scroll of identify for 26 gold pieces
  2881 | D:3      | Noticed oldplebian's ghost (amateur DgIE)
  3207 | D:4      | Noticed a black bear
  3224 | D:4      | Killed a black bear
  3224 | D:4      | Reached *** piety under Wu Jian
  3225 | D:4      | Reached skill level 1 in Conjurations
  3225 | D:4      | Reached XP level 5. HP: 25/35 MP: 4/11
  3383 | D:4      | Noticed Natasha
  3556 | D:4      | Killed Natasha
  3572 | D:4      | Noticed Ijyb
  3616 | D:4      | Noticed Natasha
  3623 | D:4      | Killed Natasha
  3624 | D:4      | Reached XP level 6. HP: 27/41 MP: 6/13
  3790 | D:4      | Noticed Natasha
  3811 | D:4      | Killed Natasha
  3911 | D:4      | Your ally Natasha died
  3953 | D:4      | Reached skill level 5 in Spellcasting
  4308 | D:3      | Learned a level 2 spell: Searing Ray
  4464 | D:4      | Noticed Duvessa
  4504 | D:5      | Entered Level 5 of the Dungeon
  4521 | D:5      | Found a sacrificial altar of Ru.
  4625 | D:5      | Found an ancient bone altar of Kikubaaqudgha.
  4627 | D:5      | Found a shimmering blue altar of Sif Muna.
  4628 | D:5      | Found a bloodstained altar of Trog.
  4641 | D:5      | Reached XP level 7. HP: 14/46 MP: 6/15
  4641 | D:5      | Found a hazy altar of Hepliaklqana.
  4648 | D:5      | Found an opulent altar of Gozag.
  4836 | D:5      | Reached skill level 6 in Spellcasting
  5036 | D:5      | Reached **** piety under Wu Jian
  5152 | D:5      | Found a shadowy altar of Dithmenos.
  5369 | D:5      | Learned a level 3 spell: Summon Guardian Golem
  5373 | D:5      | Learned a level 3 spell: Call Canine Familiar
  5589 | D:6      | Reached XP level 8. HP: 41/52 MP: 13/17
  5682 | D:6      | Reached skill level 1 in Summonings
  5860 | D:6      | Reached skill level 1 in Hexes
  6610 | D:6      | Learned a level 3 spell: Mephitic Cloud
  7017 | D:7      | Found a flagged portal.
  7041 | Bailey   | Entered a bailey
  7128 | D:7      | Found a staircase to the Ecumenical Temple.
  7174 | D:7      | Found a broken altar of Ashenzari.
  7320 | D:7      | Reached skill level 7 in Spellcasting
  7577 | D:7      | Noticed Pikel
  7591 | D:7      | Killed Pikel
  7592 | D:7      | Reached XP level 9. HP: 57/57 MP: 9/20
  7598 | D:7      | Your ally Pikel died
  7742 | D:7      | Found an iron altar of Okawaru.
  7788 | D:7      | Reached skill level 5 in Conjurations
  8041 | D:7      | Identified a scroll of acquirement
  8042 | D:7      | Acquired the +0 pair of boots "Nylazyuneb" {+Inv rPois
                  | Str-5 Int+5}
  8536 | D:7      | Learned a level 4 spell: Fulminant Prism
  8918 | D:8      | Reached skill level 8 in Spellcasting
  8927 | D:8      | Reached skill level 5 in Summonings
  8931 | D:8      | Reached ***** piety under Wu Jian
  8972 | D:8      | Reached XP level 10. HP: 31/63 MP: 4/22
  9286 | D:8      | Found a staircase to the Lair.
  9568 | D:8      | Found a burning altar of Makhleb.
  9754 | D:9      | Noticed Grum
  9897 | D:9      | Killed Grum
 10022 | D:9      | Found a radiant altar of Vehumet.
 10232 | D:9      | Found Nutaep's Antique Armour Emporium.
 10238 | D:9      | Bought a pair of shimmering gloves for 247 gold pieces
 10238 | D:9      | Identified the +1 pair of gloves of Raypha {+Blink Str+2
                  | Dex+4} (You bought it in a shop on level 9 of the Dungeon)
 10331 | D:9      | Reached skill level 9 in Spellcasting
 10637 | D:9      | Identified the +4 rapier of Megalomania {holy, rC+}
 11100 | D:10     | Entered Level 10 of the Dungeon
 11128 | D:10     | Identified the +11 mace "Sarcophage" {freeze, rCorr Dex+3}
 11431 | D:10     | Found a staircase to the Orcish Mines.
 11852 | D:10     | Found a shimmering altar of Xom.
 11853 | D:10     | Noticed a two-headed ogre
 11882 | D:10     | Slain by a two-headed ogre

Illustrated notes

Levels and vault maps discovered:
D:1:      dpeg_arrival_round_b, layout_loops_corners,
          hellmonk_ecumenical_altar_arch_garden, minmay_pentomino_x4
D:2:      layout_loops_ring, serial_rivers, chequers_serial_rivers_micro_b,
          chequers_serial_rivers_micro_b, chequers_serial_rivers_micro_e,
          chequers_serial_rivers_small_3, minmay_ruptured
D:3:      minmay_diamond_boxcup, layout_loops_ring, gammafunk_ghost_icy,
          serial_shops, shop
D:4:      layout_cave_pods, nicolae_letterblocks [nicolae_letter_subblock,
          nicolae_letter_subblock, nicolae_letter_subblock,
          nicolae_letter_subblock, nicolae_letter_subblock,
          nicolae_letter_subblock, nicolae_letter_subblock,
          nicolae_letter_subblock, nicolae_letter_subblock,
          nicolae_letter_subblock, nicolae_letter_subblock,
          nicolae_letter_subblock, nicolae_letter_subblock,
          nicolae_letter_subblock, nicolae_letter_subblock,
          nicolae_letter_subblock, nicolae_letter_subblock,
          nicolae_letter_subblock, nicolae_letter_subblock,
          nicolae_letter_subblock, nicolae_letter_subblock,
          nicolae_letter_subblock, nicolae_letter_subblock,
          nicolae_letter_subblock, nicolae_letter_subblock], uniq_duvessa,
          uniq_natasha, uniq_ijyb
D:5:      layout_rooms, kennysheep_mini, grunt_temple_overflow_open,
          nicolae_ru_awakened_eye, minmay_increasing_density
D:6:      layout_basic
D:7:      layout_loops_corners, evilmike_ruin_ashenzari,
          mainiacjoe_overflow_six_doors_small, minmay_temple_entry_waves,
          enter_bailey_5, minmay_misc_feat_plants, uniq_pikel
D:8:      layout_rooms, makhleb_blood_cavern_becter, lair_entry_dummy
D:9:      layout_long_grid, nicolae_vehumet_radiance, serial_shops,
          nicolae_shop_pleasant_corner_grove, serial_rivers,
          chequers_serial_rivers_micro_e, chequers_serial_rivers_micro_d,
          chequers_serial_rivers_micro_d, chequers_serial_rivers_large_a,
          chequers_serial_rivers_large_b, chequers_serial_rivers_micro_a,
          uniq_grum
D:10:     layout_cave_pods, mainiacjoe_overflow_alcove_2,
          mainiacjoe_overflow_paths, orc_0_dummy, glass_columns_c,
          skrybe_limestone_x, kennysheep_nondescript

Skill      XL: |  1  2  3  4  5  6  7  8  9 10 |
---------------+-------------------------------+-----
Spellcasting   | 3 4 5 6 7 8 9 |  9.0
Necromancy     | 5 6 7 |  7.8
Conjurations   | 1 2 3 4 6 7 |  7.5
Summonings     | 3 5 |  5.9
Hexes          | 2 3 4 |  4.7
Dodging        | |  1.5
Stealth        | |  1.5

Action                     |  1- 3 |  4- 6 |  7- 9 | 10-12 || total
---------------------------+-------+-------+-------+-------++-------
  Melee: Club              |     1 |       |       |       ||     1
         Dagger            |     4 |    81 |    93 |    55 ||   233
         Punch             |       |     2 |     7 |     2 ||    11
         Staff             |       |     1 |       |       ||     1
         Mace              |       |       |       |     4 ||     4
  Throw: Boomerang         |       |       |    13 |       ||    13
         Javelin           |       |       |     2 |     1 ||     3
   Cast: Necrotise         |    63 |    65 |    51 |    12 ||   191
         Vampiric Draining |       |     5 |    19 |     6 ||    30
         Searing Ray       |       |     3 |     9 |     2 ||    14
         Animate Dead      |       |     3 |     9 |     6 ||    18
         Summon Guardian G |       |       |     6 |     3 ||     9
         Call Canine Famil |       |       |     3 |     4 ||     7
         Mephitic Cloud    |       |       |    14 |    17 ||    31
         Fulminant Prism   |       |       |     3 |    14 ||    17
Ability: Lunge             |       |     4 |     5 |     7 ||    16
         Whirlwind         |       |       |     1 |     1 ||     2
  Evoke: Wand              |       |       |     2 |       ||     2
    Use: Scroll            |       |     4 |     6 |     4 ||    14
   Stab: Sleeping          |       |     2 |     1 |       ||     3
         Distracted        |       |     1 |       |       ||     1
         Confused          |       |       |     3 |     3 ||     6
 Armour: Robe              |       |    25 |    35 |    13 ||    73
  Dodge: Dodged            |    15 |    73 |   118 |    49 ||   255

Table legend: (Time is in decaauts)
 A = Elapsed time spent in this place.
 B = Non-inter-level travel time spent in this place.
 C = Inter-level travel time spent in this place.
 D = Time resting spent in this place.
 E = Time spent auto-exploring this place.
 F = Levels seen in this place.
 G = Mean time per level.
                   A        B        C        D        E       F      G
               +--------+--------+--------+--------+--------+-----+--------+
         Total |  11940 |  11439 |    501 |   1455 |   7872 |  11 | 1085.5 |
       Dungeon |  11919 |  11418 |    501 |   1455 |   7872 |  10 | 1191.9 |
        Bailey |     21 |     21 |      0 |      0 |      0 |   1 |   21.0 |
               +--------+--------+--------+--------+--------+-----+--------+

Top non-repeatable levels by time:
     D:7: 1806 daAuts
     D:6: 1578 daAuts
     D:9: 1282 daAuts
     D:1: 1212 daAuts
     D:4: 1195 daAuts
     D:8: 1118 daAuts
     D:2: 1095 daAuts
     D:3: 1018 daAuts
     D:5: 894 daAuts
    D:10: 719 daAuts
  Bailey: 21 daAuts
